 Dungeon Crawl Stone Soup version 0.26-a0-778-g3fe0686644 (webtiles) character file.

Game seed: 1604736243320307101

644891 robertstho the Halfling Catapult (level 27, -16/216 HPs)
             Began as a Halfling Hunter on Nov 10, 2020.
             Was the Champion of Okawaru.
             Killed from afar by a hellion (30 damage)
             ... with damnation
             ... on level 7 of Gehenna.
             The game lasted 03:29:41 (78920 turns).

robertstho the Halfling Catapult (Halfling Hunter) Turns: 78920, Time: 03:29:42

Health: -16/216    AC: 53    Str: 31    XL:     27
Magic:  37/37      EV: 13    Int: 18    God:    Okawaru [******]
Gold:   3933       SH: 25    Dex: 27    Spells: 26/26 levels left

rFire    + + .     SeeInvis +   t - +8 autumn katana {vorpal, Clar}
rCold    + + +     Faith    .   K - +2 kite shield {AC+3}
rNeg     + + +     Spirit   .   j - +11 crystal plate armour "Sopleoh" {rN+ MR+++ Str+4}
rPois    .         Reflect  +   h - +2 helmet {Int+3}
rElec    +         Harm     .   M - +2 cloak
rCorr    .         Rampage  .   U - +2 pair of gloves {Dex+3}
MR       +++++     Clarity  +   y - +0 pair of boots "Put-Me-On" {rElec Regen+ Int+4 SInv}
Stlth    ..........             Y - amulet "Zuelaol" {Reflect Fragile rC+++ Int+2 Dex+4 SH+5}
HPRegen  0.86/turn              v - ring of Wezuf {*Slow rF+++ Stlth+}
MPRegen  0.25/turn              H - ring "Risam" {rElec rF- rN+++ Str+6 Stlth-}

@: slowed, very slow
A: small, mutation resistance 1
}: 3/15 runes: decaying, serpentine, silver
a: Heroism, Finesse, Renounce Religion


You were on level 7 of Gehenna.
You worshipped Okawaru.
Okawaru was exalted by your worship.
You visited 10 branches of the dungeon, and saw 52 of its levels.
You also visited: Trove, Ice Cave and Volcano.

You collected 6909 gold pieces.
You spent 2976 gold pieces at shops.

Inventory:

Hand Weapons
 b - the +3 sling "Punk" {acid, rCorr}
   (Okawaru gifted it to you on level 4 of the Depths)

   It provides partial protection from all sources of acid and corrosion.
 t - the +8 autumn katana (weapon) {vorpal, Clar}
   (You took it off a vault warden on level 5 of the Vaults)

   It inflicts extra damage upon your enemies.
   It protects you against confusion.
 z - the +8 double sword of Hospitality {vorpal, rPois rF+ Str+6}
   (Okawaru gifted it to you on level 5 of the Vaults)

   It inflicts extra damage upon your enemies.
   It affects your strength (+6).
   It protects you from fire.
   It protects you from poison.
 L - a +9 fustibalus of freezing
Missiles
 e - 775 stones (quivered)
 G - 19 sling bullets
Armour
 h - a +2 helmet of intelligence (worn)
 j - the +11 crystal plate armour "Sopleoh" (worn) {rN+ MR+++ Str+4}
   (Okawaru gifted it to you on level 6 of the Lair of Beasts)

   It affects your strength (+4).
   It protects you from negative energy.
   It affects your resistance to hostile enchantments.
 y - the +0 pair of boots "Put-Me-On" (worn) {rElec Regen+ Int+4 SInv}
   (Okawaru gifted it to you on level 4 of the Vaults)

   It affects your intelligence (+4).
   It insulates you from electricity.
   It lets you see invisible.
   It increases your rate of regeneration.
 J - the +1 faerie dragon scales {rPois Regen+ rCorr MP+9}
   (You took it off the Enchantress on level 5 of the Depths)

   It protects you from poison.
   It affects your magic capacity (+9).
   It increases your rate of regeneration.
   It provides partial protection from all sources of acid and corrosion.
 K - a +2 kite shield of protection (worn)
 M - a +2 cloak (worn)
 U - a +2 pair of gloves of dexterity (worn)
Jewellery
 c - the amulet of Sloth {Spirit rPois MR+++ Int-3 Dex+2}
   (You bought it in a shop on level 2 of the Orcish Mines)

   [amulet of guardian spirit]

   It causes incoming damage to be split between your health and magic.
   It affects your intelligence (-3).
   It affects your dexterity (+2).
   It protects you from poison.
   It affects your resistance to hostile enchantments.
 d - the ring of Vagho {*Slow +Fly rElec Str+6 Stlth+}
   (You found it in a treasure trove)

   [ring of stealth]

   It affects your strength (+6).
   It insulates you from electricity.
   It lets you fly.
   It may slow you when you take damage.
   It makes you more stealthy.
 i - the ring of Qoifom {*Corrode +Blink MR+ AC+4}
   (You found it in a treasure trove)

   [ring of protection]

   It affects your AC (+4).
   It affects your resistance to hostile enchantments.
   It lets you blink.
   It may corrode you when you take damage.
 k - the ring of the Hero {rF++ Dex+6 Stlth+}
   (You found it in a treasure trove)

   [ring of dexterity]

   It affects your dexterity (+6).
   It greatly protects you from fire.
   It makes you more stealthy.
 n - a +4 ring of protection
 v - the ring of Wezuf (left hand) {*Slow rF+++ Stlth+}
   (You found it in a treasure trove)

   [ring of stealth]

   It renders you almost immune to fire.
   It may slow you when you take damage.
   It makes you more stealthy.
 x - an uncursed ring of protection from fire
 B - the amulet of the Four Winds {rN+ MR+++ Clar}
   (You found it in a treasure trove)

   [amulet of nothing]

   It protects you from negative energy.
   It affects your resistance to hostile enchantments.
   It protects you against confusion.
 H - the ring "Risam" (right hand) {rElec rF- rN+++ Str+6 Stlth-}
   (You found it in a treasure trove)

   [ring of strength]

   It affects your strength (+6).
   It makes you vulnerable to fire.
   It insulates you from electricity.
   It renders you almost immune to negative energy.
   It makes you less stealthy.
 O - an uncursed ring of resist corrosion
 V - the ring of Robustness {AC+8}
   (You found it on level 2 of the Lair of Beasts)

   [ring of protection]

   It affects your AC (+8).
 Y - the amulet "Zuelaol" (around neck) {Reflect Fragile rC+++ Int+2 Dex+4 SH+5}
   (You took it off a deep elf high priest on level 3 of the Elven Halls)

   [amulet of reflection]

   It shields you and reflects attacks.
   It affects your intelligence (+2).
   It affects your dexterity (+4).
   It renders you almost immune to cold.
   It will be destroyed if unequipped.
   It affects your SH (+5).
Wands
 s - a wand of disintegration (28)
 E - a wand of iceblast (47)
 F - a wand of acid (18)
 I - a wand of digging (24)
Scrolls
 f - 7 scrolls of fog
 l - 6 scrolls of fear
 m - 6 scrolls of blinking
 o - 11 scrolls of teleportation
 q - 16 scrolls of remove curse
 r - a scroll of silence
 w - 6 scrolls of magic mapping
 P - a scroll of summoning
 Q - 5 scrolls of identify
 W - 2 scrolls of holy word
Potions
 a - 4 potions of resistance
 g - 5 potions of might
 p - 7 potions of ambrosia
 u - 4 potions of haste
 C - 6 potions of flight
 D - 4 potions of curing
 R - a potion of invisibility
 X - 4 potions of cancellation
 Z - 6 potions of berserk rage
Miscellaneous
 N - a condenser vane
 S - a tin of tremorstones (2/2)


   Skills:
 * Level 24.5 Fighting
 * Level 16.9 Long Blades
   Level 3.3 Maces & Flails
   Level 1.6 Polearms
 O Level 27 Slings
 * Level 19.5 Armour
 + Level 4.8 Dodging
 + Level 3.6 Stealth
 + Level 18.1 Shields
 * Level 20.4 Invocations
 + Level 1.5 Evocations


You had 26 spell levels left.
You didn't know any spells.
Your spell library contained the following spells:

 Spells                   Type           Power        Failure   Level
 Animate Skeleton         Necr           #.....       95%         1
 Apportation              Tloc           #.....       95%         1
 Corona                   Hex            #......      95%         1
 Foxfire                  Conj/Fire      #...         95%         1
 Sandblast                Erth           #.....       95%         1
 Shock                    Conj/Air       #...         95%         1
 Sting                    Tmut/Pois      #...         95%         1
 Summon Small Mammal      Summ           #...         95%         1
 Call Imp                 Summ           #.......     99%         2
 Corpse Rot               Necr/Air       N/A          99%         2
 Ensorcelled Hibernation  Hex/Ice        #.....       99%         2
 Passwall                 Tmut/Erth      #.......     99%         2
 Poisonous Vapours        Pois/Air       #.....       99%         2
 Slow                     Hex            #.......     99%         2
 Sublimation of Blood     Necr           #.........   99%         2
 Call Canine Familiar     Summ           #.......     100%        3
 Confusing Touch          Hex            #.......     100%        3
 Conjure Flame            Conj/Fire      #.......     100%        3
 Gell's Gravitas          Tloc           #.........   100%        3
 Ignite Poison            Fire/Tmut/Pois #.......     100%        3
 Inner Flame              Hex/Fire       #.......     100%        3
 Mephitic Cloud           Conj/Pois/Air  #.......     100%        3
 Portal Projectile        Hex/Tloc       #.....       100%        3
 Stone Arrow              Conj/Erth      #.....       100%        3
 Animate Dead             Necr           #.........   100%        4
 Cause Fear               Hex            #.........   100%        4
 Dispel Undead            Necr           #.......     100%        4
 Fulminant Prism          Conj/Hex       #.........   100%        4
 Ice Form                 Ice/Tmut       #.......     100%        4
 Leda's Liquefaction      Hex/Erth       #.........   100%        4
 Olgreb's Toxic Radiance  Pois           #.......     100%        4
 Petrify                  Tmut/Erth      #.......     100%        4
 Summon Lightning Spire   Summ/Air       #.......     100%        4
 Agony                    Necr           #.......     100%        5
 Bolt of Magma            Conj/Fire/Erth #.........   100%        5
 Borgnjor's Vile Clutch   Necr/Erth      #.........   100%        5
 Excruciating Wounds      Necr           #.........   100%        5
 Iskenderun's Battlesphe  Conj           #.......     100%        5
 Lee's Rapid Deconstruct  Erth           #.........   100%        5
 Lightning Bolt           Conj/Air       #.........   100%        5
 Metabolic Englaciation   Hex/Ice        #.........   100%        5
 Silence                  Hex/Air        #.........   100%        5
 Summon Demon             Summ           #.........   100%        5
 Summon Forest            Summ/Tloc      #.........   100%        5
 Yara's Violent Unravell  Hex/Tmut       #.........   100%        5
 Conjure Ball Lightning   Conj/Air       #.........   100%        6
 Death Channel            Necr           #.........   100%        6
 Freezing Cloud           Conj/Ice/Air   #.........   100%        6
 Iron Shot                Conj/Erth      #.........   100%        6
 Ozocubu's Refrigeration  Ice            #.........   100%        6
 Shadow Creatures         Summ           N/A          100%        6
 Simulacrum               Ice/Necr       #.........   100%        6
 Statue Form              Tmut/Erth      #........    100%        6
 Orb of Destruction       Conj           #.........   100%        7
 Spellforged Servitor     Conj/Summ      #.........   100%        7
 Summon Hydra             Summ           #.........   100%        7
 Discord                  Hex            #.........   100%        8
 Shatter                  Erth           #.........   100%        9
 Tornado                  Air            #.........   100%        9


Dungeon Overview and Level Annotations

Branches:
Dungeon (15/15)            Temple (0/1) D:6            Lair (6/6) D:9
  Swamp (4/4) Lair:3        Snake (4/4) Lair:2        Slime (0/5) Lair:5
    Orc (2/2) D:9             Elf (3/3) Orc:2        Vaults (5/5) D:14
  Crypt (0/3) Vaults:2     Depths (5/5) D:15           Hell (visited)
    Dis (0/7) Hell            Geh (7/7) Hell            Coc (0/7) Hell
    Tar (0/7) Hell            Zot (0/5) Depths:5      IceCv (visited)
Volcano (visited)

Altars:
Dithmenos
Fedhas
Hepliaklqana
Makhleb
Okawaru
Ru
Trog
Uskayaw
Vehumet
Xom
Zin
Beogh
Jiyva

Shops:
D:4 :   D:14 }:*   Orc:2 [*=(   Snake:2 :*?   Vaults:1 !   Vaults:4 *
Vaults:5 ?   Depths:1 ?   Depths:4 [

Portals:
Hell: Depths:1 Depths:2 Depths:3 Depths:4 Depths:5
Abyss: Snake:2 Depths:2 Depths:4
Pandemonium: Depths:3 Depths:4 Depths:5
Ziggurat: Depths:5

Annotations:
Swamp:2 3 runed translucent doors, case's ghost, adept MiBe; mhtbhm's ghost, adept MiBe; rgaf's ghost, adept FoAK; robertstho's ghost, adept GnIE
Elf:3 3 runed translucent doors
Depths:5 1 runed translucent door


Innate Abilities, Weirdness & Mutations

You are small and have problems with some larger weapons.
You are somewhat resistant to further mutation.


Message History

* * * LOW HITPOINT WARNING * * *
The damnation engulfs the Brimstone Fiend.
The Brimstone Fiend completely resists.
The Brimstone Fiend calls on the powers of darkness!
Your body is wracked with pain!
* * * LOW HITPOINT WARNING * * *
You block the Brimstone Fiend's attack. x2
The Brimstone Fiend hits you but does no damage.
There is a huge open gate here.
You feel better. The hellion gestures at you.
The sphere of damnation explodes!
The damnation engulfs you!!
* * * LOW HITPOINT WARNING * * *
The damnation engulfs the Brimstone Fiend.
The Brimstone Fiend completely resists.
The Brimstone Fiend closely misses you. You block the Brimstone Fiend's attack.
The Brimstone Fiend hits you but does no damage.
The hellion gestures at you.
The sphere of damnation explodes!
The damnation engulfs you!!
You die...

.......# #..#####################
.......# #.'########### ########
≈......# #'''##.......# #.......
.......# ##'.##.8....'####'....8.
§......# ##..##.....'''..'''.....
......## #...##....##'.[:.'##....
.....#####...##...############)).
....####''...##..'## ##'.)
...####.''...##.@''# #')).
)'####..##...####1Z# #.)##
.'.)'...##...# ..+ #.|#
.)).'...##...# .2+ #.}#
.'####..##...# '.# #.+#
...####.''...# ''# #++
....####''...# '## .....#####...#
.# ......## #...#


You could see a Brimstone Fiend, a hellion and a titan zombie.

Vanquished Creatures
  2 ancient liches
  Sojobo (Depths:3)
  Boris (Depths:5)
  Bai Suzhen (Depths:3)
  A caustic shrike (Depths:3)
  Xtahua (Vaults:2)
  Geryon (Hell)
  Jory (Depths:3)
  The ghost of agentgt the Warrior, a veteran KoAK of Lugonu (Vaults:3)
  4 golden dragons
  the Enchantress (Depths:5)
  26 Brimstone Fiends
  A bone dragon (Geh:7)
  4 liches
  7 tentacled monstrosities
  2 quicksilver dragons
  3 titans
  A deep elf master archer (Elf:3)
  3 deep elf blademasters (Elf:3)
  8 tengu reavers
  A sphinx (Vaults:3)
  A storm dragon (Vaults:4)
  6 shadow dragons
  A fenstrider witch (Lair:3)
  10 nagarajas
  A draconian knight (Depths:4)
  12 balrugs
  Louise (Depths:2)
  7 fire giants
  7 frost giants
  A cacodemon (Depths:5)
  15 vault wardens
  Aizul (Snake:4)
  12 deep elf sorcerers
  5 iron dragons
  3 spriggan defenders (Depths:5)
  6 draconian stormcallers
  3 draconian annihilators (Depths:4)
  11 ironheart preservers
  4 deep elf elementalists
  12 reapers
  15 very ugly things
  2 entropy weavers
  20 stone giants
  A vampire knight (Depths:5)
  14 deep elf annihilators
  The ghost of felt the Spear-Bearer, a journeyman DrCj of Sif Muna (Lair:3)
  A green draconian (Depths:5)
  10 deep elf demonologists
  A purple draconian (Depths:5)
  A red draconian (Depths:5)
  5 dire elephants (Depths:2)
  6 spark wasps
  4 bunyips
  A merfolk javelineer (Depths:2)
  The ghost of Siddir the Blocker, a journeyman MiBe of Trog (Snake:2)
  A yellow draconian (Depths:5)
  The ghost of kairosrom117 the Thaumaturge, a journeyman DrAE of Vehumet (D:12)
  16 fire dragons
  3 eleionomae
  4 blizzard demons
  7 deep elf death magi
  A crystal guardian (Vaults:4)
  13 ettins
  Josephine (Lair:6)
  5 quicksilver dragon zombies
  2 kraken zombies (Hell)
  3 quicksilver dragon skeletons (Geh:7)
  3 jiangshi (Depths:1)
  7 deep elf high priests
  10 great orbs of eyes
  13 ice dragons
  The ghost of SolusNox the Cleaver, a journeyman GrFi of the Shining One (Lair:3)
  4 rakshasas
  Erolcha (D:13)
  Fannar (D:11)
  31 vault guards
  11 naga warriors
  A catoblepas (Depths:3)
  14 yaktaur captains
  A ghost crab (Swamp:2)
  21 hydras
  4 boulder beetles
  3 spriggan air magi
  An anaconda (shapeshifter) (Depths:5)
  Erica (D:9)
  2 hell beasts (Depths:3)
  13 alligators
  5 centaur warriors
  16 anacondas
  A death knight (Vaults:4)
  31 two-headed ogres
  10 ogre magi
  2 death yaks (Depths:3)
  Urug (Lair:4)
  7 deep troll earth magi
  4 vampire magi
  4 titan zombies
  A queen ant (shapeshifter) (Vaults:1)
  9 deep troll shamans
  28 dancing weapons
  A shock serpent (shapeshifter) (Vaults:5)
  7 shock serpents
  9 tengu warriors
  11 naga sharpshooters
  49 hell knights
  6 orc high priests (Orc:2)
  Sonja (D:13)
  3 spriggan berserkers
  37 hell hogs
  2 iron golems
  3 storm dragon zombies
  A small abomination (Elf:3)
  3 goliath frogs
  Nergalle (Lair:3)
  15 deep elf knights
  13 sun demons
  2 fire crabs (Swamp:4)
  4 salamander mystics
  2 ghost moth zombies
  4 titan skeletons
  An unseen horror (D:15)
  2 death drakes (Depths:4)
  4 iron trolls
  4 skeletal warriors (D:15)
  4 storm dragon skeletons
  19 deep trolls
  14 flayed ghosts
  2 wizards
  6 golden dragon skeletons
  4 golden dragon zombies
  2 swamp dragons (shapeshifter)
  4 spriggan druids
  2 glowing orange brains
  12 ironbrand convokers
  5 naga ritualists
  8 swamp dragons
  6 anaconda zombies
  4 bog bodies
  12 deep elf archers
  4 wolf spider zombies
  17 necromancers
  8 lindwurms
  An oklob plant (Depths:4)
  69 deep elf magi
  8 shadow dragon zombies
  5 phantasmal warriors
  A harpy (Depths:3)
  11 orc knights
  A sphinx zombie (Hell)
  2 anaconda skeletons
  4 frost giant zombies
  3 wolf spiders
  4 mana vipers
  5 orc sorcerers
  2 shadow dragon skeletons (Geh:6)
  2 will-o-the-wisps (Swamp:3)
  An iron dragon zombie (Geh:3)
  A human zombie (Vaults:4)
  6 fire giant zombies
  45 ugly things
  9 cyclopes
  13 salamanders
  4 iron dragon skeletons
  A manticore (Depths:3)
  14 elephants
  2 stone giant zombies
  8 centaur zombies
  4 frost giant skeletons
  A guardian serpent (shapeshifter) (Vaults:5)
  4 stone giant skeletons
  10 smoke demons
  16 vault sentinels
  34 black mambas
  A human skeleton (Vaults:4)
  An ice statue (IceCv)
  Joseph (D:10)
  4 dire elephant zombies
  Maurice (D:11)
  2 rust devils
  A fire giant skeleton (Geh:6)
  A guardian serpent (Snake:2)
  25 naga magi
  Psyche (D:11)
  27 cane toads
  3 dire elephant skeletons
  A rime drake (shapeshifter) (Depths:2)
  3 shock serpent skeletons
  A cane toad (shapeshifter) (Vaults:1)
  3 gargoyles
  A yaktaur zombie (Hell)
  13 molten gargoyles
  A green draconian zombie (Geh:7)
  3 spriggan zombies (Hell)
  27 hellions
  Maggie (Lair:1)
  4 freezing wraiths
  7 rime drakes
  68 yaktaurs
  13 ice devils
  11 tormentors
  4 efreet
  A kobold demonologist (D:14)
  A golden dragon simulacrum (IceCv)
  8 komodo dragons
  34 red devils
  3 hydra zombies
  A harpy zombie (Geh:7)
  2 tengu conjurers
  A bloated husk (Swamp:1)
  7 anaconda simulacra
  A troll (shapeshifter) (Elf:3)
  15 hornets
  A meliai (shapeshifter) (Vaults:3)
  11 tyrant leeches
  7 trolls
  7 polar bears
  25 blink frogs
  A snapping turtle (shapeshifter) (Vaults:5)
  5 hydra skeletons
  A fire dragon zombie (Hell)
  A dream sheep (shapeshifter) (Vaults:1)
  2 dream sheep (D:11)
  19 slime creatures
  5 alligator zombies
  6 ettin zombies
  A fire giant simulacrum (Hell)
  A blink frog (shapeshifter) (Vaults:2)
  2 black mamba zombies
  3 ice dragon zombies
  4 alligator skeletons
  7 centaur simulacra
  6 ettin skeletons
  10 shadows
  2 deep troll zombies (Hell)
  A fire dragon skeleton (Geh:5)
  An ice dragon skeleton (Geh:7)
  13 spriggans
  7 air elementals
  63 flying skulls
  29 yaks
  A spriggan (shapeshifter) (Vaults:3)
  32 wraiths
  5 redbacks
  2 tarantellas
  A vampire (D:12)
  15 water elementals
  9 wyverns
  A basilisk (shapeshifter) (Vaults:5)
  3 golden eyes (shapeshifter)
  10 humans (D:14)
  2 fire bats (Geh:1)
  5 basilisks
  31 fire elementals
  3 steam dragons (Swamp:4)
  A neqoxec (Depths:5)
  2 black mamba skeletons
  A dire elephant simulacrum (IceCv)
  2 death yak simulacra (IceCv)
  11 vampire mosquitoes
  13 swamp worms
  6 harpy simulacra (IceCv)
  13 wargs
  2 iron troll simulacra (IceCv)
  2 tengu zombies (Hell)
  57 nagas
  5 acid dragons
  3 hydra simulacra (IceCv)
  12 water moccasins
  A large abomination (Snake:2)
  61 hell hounds
  20 orc warriors
  10 swamp drakes
  9 black bears
  A merfolk skeleton (Geh:7)
  A swamp dragon zombie (Geh:7)
  7 phantoms
  A sky beast (D:11)
  A hornet zombie (D:15)
  A black bear (shapeshifter) (Depths:2)
  An ettin simulacrum (IceCv)
  37 ogres
  2 cane toad skeletons
  An ice beast (D:7)
  2 snapping turtle zombies
  An eye of draining (D:13)
  10 necrophages
  9 wolves
  10 boggarts
  14 centaurs
  6 snapping turtle skeletons
  A big kobold (shapeshifter) (Vaults:3)
  4 big kobolds (D:11)
  2 gnoll sergeants (D:11)
  An elf skeleton (Geh:6)
  28 bullfrogs
  2 earth elementals
  A water moccasin skeleton (D:7)
  A wyvern skeleton (D:15)
  3 scorpions
  4 killer bees (D:9)
  2 spriggan skeletons
  47 wights
  A howler monkey (shapeshifter) (Vaults:5)
  4 electric eels
  5 howler monkeys
  7 crimson imps
  A bullfrog zombie (D:6)
  A lava snake (Elf:2)
  2 draconian simulacra (IceCv)
  2 hounds
  11 centaur skeletons
  37 orc priests
  6 jellies
  A bullfrog skeleton (D:7)
  Natasha (thrice) (D:4)
  2 hell rats (Lair:5)
  5 iguanas
  6 orc wizards
  3 spriggan simulacra (IceCv)
  2 polar bear simulacra (IceCv)
  7 troll simulacra (IceCv)
  19 worker ants
  5 bullfrog simulacra (D:12)
  A naga skeleton (Geh:6)
  2 worker ant zombies
  21 gnolls
  5 naga simulacra (IceCv)
  An ogre simulacrum (IceCv)
  5 river rats (Lair:5)
  12 adders
  3 shadow imps
  10 white imps
  4 ufetubi
  An ooze (D:3)
  An adder zombie (D:5)
  2 worms
  2 dart slugs
  8 leopard geckos
  70 orcs
  5 giant cockroaches
  5 goblins
  7 hobgoblins
  13 jackals
  14 kobolds
  7 quokkas
  3 ball pythons
  9 bats
  6 frilled lizards
  An orc zombie (Geh:3)
  2 quokka skeletons
  15 rats
  A crawling corpse (Elf:3)
  4 tentacles (Hell)
2667 creatures vanquished.

Vanquished Creatures (collateral kills)
  2 swamp dragons (Swamp:4)
  A steam dragon (Swamp:4)
  A swamp worm (Swamp:4)
4 creatures vanquished.

Vanquished Creatures (others)
  An Executioner (Snake:2)
  A tengu reaver (Depths:3)
  A frost giant (Depths:5)
  A war gargoyle (Vaults:5)
  A hydra (Swamp:4)
  3 hell hogs
  A shadow wraith (Vaults:3)
  A deep troll (Depths:5)
  A necromancer (Geh:5)
  A stone giant skeleton (Geh:2)
  A wyvern (shapeshifter) (Depths:2)
  A shadow (Geh:7)
  A human (D:14)
  A hell hound (Geh:7)
  5 swamp drakes (Swamp:4)
  An ogre (Vaults:5)
  2 wights
  An orc (Vaults:5)
  A kobold zombie (Geh:5)
  6 bushes (Depths:3)
  2 foxfires (Swamp:4)
  47 fungi
  183 plants
  13 tentacles (Hell)
  5 withered plants (Lair:3)
282 creatures vanquished.

Grand Total: 2953 creatures vanquished

Notes
Turn   | Place    | Note
-------+----------+-------------------------------------------
     0 | D:1      | robertstho the Halfling Hunter began the quest for the Orb.
     0 | D:1      | Reached XP level 1. HP: 14/14 MP: 1/1
    69 | D:1      | Reached skill level 6 in Slings
   150 | D:1      | Reached XP level 2. HP: 19/19 MP: 2/2
   487 | D:1      | Reached XP level 3. HP: 24/24 MP: 3/3
   863 | D:2      | Found an iron altar of Okawaru.
   872 | D:2      | Found a bloodstained altar of Trog.
  1158 | D:2      | Reached skill level 7 in Slings
  1163 | D:2      | Reached skill level 1 in Armour
  1166 | D:2      | Reached XP level 4. HP: 11/29 MP: 4/4
  2057 | D:3      | Reached skill level 8 in Slings
  2057 | D:3      | Reached XP level 5. HP: 28/34 MP: 5/5
  2425 | D:3      | Reached XP level 6. HP: 40/40 MP: 6/6
  2585 | D:3      | Reached skill level 9 in Slings
  3161 | D:4      | Found Xucwunau's Book Boutique.
  3174 | D:4      | Noticed a necrophage
  3185 | D:4      | Killed a necrophage
  3185 | D:4      | Reached skill level 1 in Polearms
  3364 | D:2      | Became a worshipper of Warmaster Okawaru
  3535 | D:4      | Noticed Natasha
  3547 | D:4      | Killed Natasha
  3580 | D:4      | Reached XP level 7. HP: 44/45 MP: 7/7
  3605 | D:4      | Noticed Natasha
  3608 | D:4      | Killed Natasha
  3644 | D:4      | Got a distressingly furry chain mail
  3654 | D:4      | Identified the +6 chain mail "Ukhlytun" {Rampage Slay+3}
                  | (You found it on level 4 of the Dungeon)
  3780 | D:4      | Noticed Natasha
  3793 | D:4      | Killed Natasha
  3902 | D:4      | Reached skill level 10 in Slings
  4014 | D:4      | Found a blossoming altar of Fedhas.
  4305 | D:5      | Entered Level 5 of the Dungeon
  4331 | D:5      | Found a hide-covered altar of Uskayaw.
  4417 | D:5      | Noticed a water moccasin
  4427 | D:5      | Killed a water moccasin
  4427 | D:5      | Reached * piety under Okawaru
  4427 | D:5      | Reached skill level 1 in Invocations
  4455 | D:5      | Reached XP level 8. HP: 52/52 MP: 9/9
  4619 | D:5      | Found a radiant altar of Vehumet.
  4689 | D:5      | Reached skill level 11 in Slings
  4814 | D:5      | Reached ** piety under Okawaru
  5192 | D:5      | Noticed a gargoyle
  5372 | D:5      | Killed a gargoyle
  5372 | D:5      | Reached skill level 12 in Slings
  5372 | D:5      | Reached XP level 9. HP: 57/58 MP: 11/11
  5500 | D:6      | Found a staircase to the Ecumenical Temple.
  6510 | D:7      | Reached skill level 13 in Slings
  6743 | D:7      | Reached skill level 5 in Fighting
  6793 | D:7      | Reached *** piety under Okawaru
  6964 | D:7      | Reached skill level 5 in Invocations
  7205 | D:7      | Got a transparent ring mail
  7215 | D:7      | Identified the +1 ring mail of Sif Muna's Indignation {rN+}
                  | (You found it on level 7 of the Dungeon)
  7439 | D:8      | Reached XP level 10. HP: 63/68 MP: 14/14
  7858 | D:9      | Found a staircase to the Lair.
  7881 | D:9      | Found a burning altar of Makhleb.
  7885 | D:9      | Found a glowing silver altar of Zin.
  7885 | D:9      | Noticed an angel
  7899 | D:9      | Got a bloodstained mace
  7899 | D:9      | Identified the cursed +1 mace of Responsibility {flame, rC+
                  | SInv} (You found it on level 9 of the Dungeon)
  7913 | D:9      | Noticed a blizzard demon
  7993 | D:9      | Reached **** piety under Okawaru
  8017 | D:9      | Reached skill level 14 in Slings
  8137 | D:9      | Got a fine falchion
  8137 | D:9      | Identified the cursed +2 falchion of Paysch {drain, rPois
                  | rF+ rC+} (You found it on level 9 of the Dungeon)
  8166 | D:9      | Found a staircase to the Orcish Mines.
  8299 | D:9      | Got a bloodstained dagger
  8299 | D:9      | Identified the +5 dagger "Keor" {vamp, rPois rN+ Str+2}
                  | (You found it on level 9 of the Dungeon)
  8313 | D:9      | Noticed Erica
  8341 | D:9      | Killed Erica
  8341 | D:9      | Reached skill level 1 in Maces & Flails
  8471 | D:9      | Noticed a two-headed ogre
  8487 | D:9      | Killed a two-headed ogre
  8487 | D:9      | Reached skill level 5 in Armour
  8714 | D:9      | Reached XP level 11. HP: 75/75 MP: 16/16
  8969 | D:10     | Entered Level 10 of the Dungeon
  9048 | D:10     | Noticed Joseph
  9065 | D:10     | Killed Joseph
  9282 | D:10     | Reached ***** piety under Okawaru
  9382 | D:10     | Found a shadowy altar of Dithmenos.
  9684 | D:11     | Noticed Psyche
  9695 | D:11     | Killed Psyche
 10263 | D:11     | Received a gift from Okawaru
 10263 | D:11     | Reached skill level 15 in Slings
 10622 | D:11     | Noticed Fannar
 10670 | D:11     | Killed Fannar
 10670 | D:11     | Received a gift from Okawaru
 10969 | D:11     | Received a gift from Okawaru
 11026 | D:11     | Noticed Maurice
 11030 | D:11     | Killed Maurice
 11105 | D:11     | Noticed a three-headed hydra
 11112 | D:11     | Killed a three-headed hydra
 11112 | D:11     | Reached XP level 12. HP: 79/84 MP: 18/18
 11257 | D:12     | Reached skill level 1 in Long Blades
 11325 | D:12     | Noticed a boulder beetle
 11336 | D:12     | Killed a boulder beetle
 11343 | D:12     | Reached skill level 16 in Slings
 11423 | D:12     | Noticed a seven-headed hydra
 11434 | D:12     | Noticed a two-headed ogre
 11441 | D:12     | Killed a seven-headed hydra
 11441 | D:12     | Received a gift from Okawaru
 11583 | D:12     | Killed a two-headed ogre
 11889 | D:12     | Found a runed translucent gate.
 11889 | D:12     | Found a runed translucent gate.
 11889 | D:12     | Found a runed translucent gate.
 12109 | D:12     | Noticed an eight-headed hydra
 12120 | D:12     | Killed an eight-headed hydra
 12381 | D:12     | Noticed kairosrom117's ghost (journeyman DrAE)
 12434 | D:12     | Received a gift from Okawaru
 12471 | D:12     | Reached skill level 10 in Fighting
 12532 | D:12     | Killed kairosrom117's ghost
 12532 | D:12     | Reached XP level 13. HP: 70/92 MP: 7/20
 12542 | D:12     | Got the ring of Agilutu {Fire}
 12552 | D:12     | Identified the ring of Agilutu {Fire Int-2 Dex+5 Stlth-}
                  | (You found it on level 12 of the Dungeon)
 12701 | D:13     | Reached skill level 10 in Invocations
 12710 | D:13     | Noticed a centaur warrior
 12728 | D:13     | Killed a centaur warrior
 12728 | D:13     | Received a gift from Okawaru
 13015 | D:13     | Noticed Sonja
 13019 | D:13     | Killed Sonja
 13019 | D:13     | Reached skill level 17 in Slings
 13963 | D:13     | You fall into a shaft and drop 1 floor!
 14063 | D:13     | Noticed Erolcha
 14068 | D:13     | Killed Erolcha
 14158 | D:13     | Received a gift from Okawaru
 14373 | D:14     | Noticed a fire dragon
 14383 | D:14     | Killed a fire dragon
 14383 | D:14     | Received a gift from Okawaru
 14387 | D:14     | Reached skill level 18 in Slings
 14500 | D:14     | Found Yliytu's Book Shop.
 14956 | D:14     | Found a sacrificial altar of Ru.
 15092 | D:14     | Found Juseunat's Assorted Antiques.
 15099 | D:14     | Bought a scroll of identify for 54 gold pieces
 15099 | D:14     | Bought a scroll of teleportation for 81 gold pieces
 15099 | D:14     | Bought a scroll of identify for 54 gold pieces
 15099 | D:14     | Bought a scroll of identify for 54 gold pieces
 15099 | D:14     | Bought a scroll of identify for 54 gold pieces
 15118 | D:14     | Found Farougi's Gadget Shoppe.
 15499 | Lair:1   | Entered Level 1 of the Lair of Beasts
 15524 | Lair:1   | Noticed a six-headed hydra
 15529 | Lair:1   | Killed a six-headed hydra
 15529 | Lair:1   | Reached XP level 14. HP: 101/101 MP: 22/22
 15578 | Lair:1   | Identified the Tome of Freezing Confrontation
 15613 | Lair:1   | Received a gift from Okawaru
 15923 | Lair:1   | Received a gift from Okawaru
 16003 | Lair:1   | Noticed Maggie
 16011 | Lair:1   | Killed Maggie
 16400 | Lair:2   | Found the ring of Robustness {AC+8}
 16459 | Lair:2   | Found a dark tunnel.
 16465 | Lair:2   | Reached ****** piety under Okawaru
 16474 | Volcano  | Entered a volcano
 16634 | Volcano  | Received a gift from Okawaru
 16636 | Volcano  | Reached skill level 19 in Slings
 17523 | Lair:2   | Found a hazy altar of Hepliaklqana.
 17967 | Lair:2   | Found a staircase to the Snake Pit.
 18340 | Lair:3   | Found a staircase to the Swamp.
 18436 | Lair:3   | Noticed felt's ghost (journeyman DrCj)
 18436 | Lair:3   | Noticed SolusNox's ghost (journeyman GrFi)
 18437 | Lair:3   | Found a runed translucent gate.
 18437 | Lair:3   | Found a runed translucent gate.
 18437 | Lair:3   | Found a runed translucent gate.
 18444 | Lair:3   | Noticed Nergalle
 18460 | Lair:3   | Killed Nergalle
 19404 | Lair:4   | Noticed Urug
 19426 | Lair:4   | Killed Urug
 19874 | Lair:4   | Reached skill level 1 in Shields
 20353 | Lair:5   | Reached XP level 15. HP: 97/108 MP: 24/24
 20779 | Lair:5   | Received a gift from Okawaru
 20899 | Lair:5   | Reached skill level 20 in Slings
 20967 | Lair:5   | Found a staircase to the Slime Pits.
 20967 | Lair:5   | Found a viscous altar of Jiyva.
 21596 | Lair:6   | Entered Level 6 of the Lair of Beasts
 21614 | Lair:6   | Received a gift from Okawaru
 22467 | Lair:6   | Noticed Josephine
 22488 | Lair:6   | Killed Josephine
 23149 | Lair:6   | Received a gift from Okawaru
 23279 | Lair:6   | Reached skill level 10 in Armour
 23330 | Lair:6   | Received a gift from Okawaru
 23337 | Lair:6   | Got an obsidian-encrusted crystal plate armour {god gift}
 23347 | Lair:6   | Identified the +11 crystal plate armour "Sopleoh" {rN+
                  | MR+++ Str+4} (Okawaru gifted it to you on level 6 of the
                  | Lair of Beasts)
 24277 | Orc:1    | Entered Level 1 of the Orcish Mines
 24598 | Lair:3   | Killed felt's ghost
 24621 | Lair:3   | Killed SolusNox's ghost
 24633 | Lair:3   | Got a fine plate armour
 24651 | Lair:3   | Identified the +5 plate armour of Piofar {MR++ MP+9 Int-5
                  | Dex+3} (You found it on level 3 of the Lair of Beasts)
 24721 | Lair:4   | Got a brightly glowing plate armour
 24731 | Lair:4   | Identified the +5 plate armour of Curiosity {rF+} (You
                  | found it on level 4 of the Lair of Beasts)
 25167 | D:14     | Reached XP level 16. HP: 117/117 MP: 25/25
 25234 | D:14     | Found a gate to the Vaults.
 25401 | D:15     | Entered Level 15 of the Dungeon
 25451 | D:15     | Reached skill level 21 in Slings
 26088 | D:15     | Received a gift from Okawaru
 26566 | D:15     | Found a staircase to the Depths.
 27178 | Orc:2    | Entered Level 2 of the Orcish Mines
 27691 | Orc:2    | Found a staircase to the Elven Halls.
 28209 | Orc:2    | Found Fousar's General Store.
 28209 | Orc:2    | Found Liseluas's Antique Armour Emporium.
 28247 | Orc:2    | Bought a scroll of identify for 24 gold pieces
 28247 | Orc:2    | Bought 14 sling bullets for 84 gold pieces
 28247 | Orc:2    | Bought a scroll of identify for 24 gold pieces
 28247 | Orc:2    | Bought a scroll of identify for 24 gold pieces
 28247 | Orc:2    | Bought 2 potions of resistance for 240 gold pieces
 28292 | Orc:2    | Found a roughly hewn altar of Beogh.
 28308 | Orc:2    | Bought a runed helmet for 225 gold pieces
 28510 | Orc:2    | Found Xaokluck's Weapon Shop.
 28510 | Orc:2    | Found Omoiwadd's Jewellery Emporium.
 28696 | Orc:2    | Received a gift from Okawaru
 28706 | Orc:2    | Got a pair of ancient gloves {god gift}
 28711 | Orc:2    | Identified the +2 pair of gloves of Negation {Int+2}
                  | (Okawaru gifted it to you on level 2 of the Orcish Mines)
 29260 | Elf:1    | Entered Level 1 of the Elven Halls
 29425 | Orc:2    | Bought the amulet of Sloth {Spirit rPois MR+++ Int-3 Dex+2}
                  | for 855 gold pieces
 29658 | Swamp:1  | Entered Level 1 of the Swamp
 29665 | Swamp:1  | Noticed a fenstrider witch
 29699 | Lair:3   | Killed a fenstrider witch
 29995 | Swamp:1  | Reached XP level 17. HP: 125/125 MP: 27/27
 30872 | Swamp:2  | Received a gift from Okawaru
 31026 | Swamp:2  | Found a runed translucent gate.
 31028 | Swamp:2  | Found a runed translucent gate.
 31028 | Swamp:2  | Noticed mhtbhm's ghost (adept MiBe)
 31029 | Swamp:2  | Noticed case's ghost (adept MiBe)
 31030 | Swamp:2  | Found a runed translucent gate.
 31037 | Swamp:2  | Noticed robertstho's ghost (adept GnIE)
 31038 | Swamp:2  | Noticed rgaf's ghost (adept FoAK)
 31224 | Swamp:2  | Reached skill level 22 in Slings
 32153 | Swamp:3  | Received a gift from Okawaru
 32570 | Swamp:4  | Entered Level 4 of the Swamp
 32933 | Swamp:4  | Received a gift from Okawaru
 33149 | Swamp:4  | Received a gift from Okawaru
 33149 | Swamp:4  | Reached skill level 5 in Shields
 33459 | Swamp:4  | Reached skill level 15 in Fighting
 33903 | Swamp:4  | Got a decaying rune of Zot
 34121 | Snake:1  | Entered Level 1 of the Snake Pit
 34126 | Snake:1  | Reached XP level 18. HP: 134/134 MP: 26/29
 34277 | Snake:1  | Found a frozen archway.
 34289 | Snake:1  | Received a gift from Okawaru
 34289 | Snake:1  | Reached skill level 15 in Invocations
 34326 | IceCv    | Entered an ice cave
 34943 | IceCv    | Received a gift from Okawaru
 37148 | Snake:2  | Reached skill level 23 in Slings
 37382 | Snake:2  | Reached skill level 5 in Long Blades
 37383 | Snake:2  | Found a shimmering altar of Xom.
 37451 | Snake:2  | Identified the cursed +3 hand axe of Fosmys {distort, +Inv
                  | rPois rF+ Stlth+}
 37451 | Snake:2  | Noticed an Executioner
 37571 | Snake:2  | Found a transporter.
 37698 | Snake:2  | Received a gift from Okawaru
 37984 | Snake:2  | Received a gift from Okawaru
 38006 | Snake:2  | Found Fiol's Book Shoppe.
 38008 | Snake:2  | Found Xoir's Assorted Antiques.
 38010 | Snake:2  | Found Numyzaz's Magic Scroll Shoppe.
 38027 | Snake:2  | Bought 3 scrolls of identify for 210 gold pieces
 38027 | Snake:2  | Bought 2 scrolls of identify for 140 gold pieces
 38027 | Snake:2  | Bought a scroll of identify for 70 gold pieces
 38029 | Snake:2  | Bought a scroll of vulnerability for 127 gold pieces
 38203 | Snake:2  | Noticed Siddir's ghost (journeyman MiBe)
 38214 | Snake:2  | Found a transporter.
 38218 | Snake:2  | Found a one-way gate to the infinite horrors of the Abyss.
 38674 | Snake:3  | Reached XP level 19. HP: 140/141 MP: 30/30
 38878 | Snake:3  | Received a gift from Okawaru
 39382 | Snake:4  | Entered Level 4 of the Snake Pit
 39449 | Snake:4  | Received a gift from Okawaru
 39754 | Snake:4  | Received a gift from Okawaru
 39956 | Snake:4  | Received a gift from Okawaru
 40536 | Snake:4  | Noticed Aizul
 40544 | Snake:4  | Killed Aizul
 40544 | Snake:4  | Received a gift from Okawaru
 40544 | Snake:4  | Reached skill level 24 in Slings
 41176 | Snake:4  | Got a serpentine rune of Zot
 42123 | Elf:1    | Noticed an Ice Fiend
 42128 | Elf:1    | Received a gift from Okawaru
 42128 | Elf:1    | Reached XP level 20. HP: 95/149 MP: 19/31
 42444 | Elf:1    | Identified Puinooqu's Handbook of the Escort
 44298 | Elf:2    | Found a runed translucent gate.
 44298 | Elf:2    | Found a runed translucent gate.
 44298 | Elf:2    | Found a runed translucent gate.
 44550 | Elf:2    | Received a gift from Okawaru
 44550 | Elf:2    | Reached skill level 25 in Slings
 45132 | Elf:3    | Entered Level 3 of the Elven Halls
 45345 | Elf:3    | Found a runed translucent gate.
 45345 | Elf:3    | Found a runed translucent gate.
 45345 | Elf:3    | Found a runed translucent gate.
 45345 | Elf:3    | Noticed a tentacled monstrosity
 45493 | Elf:3    | Received a gift from Okawaru
 45504 | Elf:3    | Got a warped animal skin {god gift}
 45676 | Elf:2    | Identified the +0 animal skin "Saovymm" {rPois rF- Str+4
                  | Int+2} (Okawaru gifted it to you on level 3 of the Elven
                  | Halls)
 45722 | Elf:3    | Reached XP level 21. HP: 142/156 MP: 27/33
 46009 | Elf:3    | Reached skill level 10 in Long Blades
 46778 | Elf:3    | Noticed a Tzitzimitl
 46820 | Elf:3    | Received a gift from Okawaru
 47163 | Elf:3    | Identified the +16 plate armour of the Pirate {rCorr Int-2
                  | Slay+2}
 47163 | Elf:3    | Identified the amulet "Zuelaol" {Reflect Fragile rC+++
                  | Int+2 Dex+4 SH+5}
 47795 | Elf:3    | Identified the Guide on Enthralling Companions
 47821 | Elf:3    | Identified the cursed +0 pearl dragon scales of the
                  | Stonemason {rN+ Int+5 Dex-2} (You found it on level 3 of
                  | the Elven Halls)
 48008 | Elf:3    | Identified the +6 falchion of Rihemm Ifoi {drain, Dex+4}
 48357 | Vaults:1 | Entered Level 1 of the Vaults
 48643 | Vaults:1 | Reached skill level 26 in Slings
 49511 | Vaults:1 | Found Hisuc's Distillery.
 49516 | Vaults:1 | Bought 2 potions of heal wounds for 150 gold pieces
 49516 | Vaults:1 | Bought a potion of curing for 45 gold pieces
 49516 | Vaults:1 | Bought a potion of heal wounds for 75 gold pieces
 49516 | Vaults:1 | Bought a potion of heal wounds for 75 gold pieces
 49516 | Vaults:1 | Bought a potion of curing for 45 gold pieces
 49783 | Vaults:2 | Noticed Xtahua
 49790 | Vaults:2 | Killed Xtahua
 49912 | Vaults:2 | Reached XP level 22. HP: 165/165 MP: 34/34
 50151 | Vaults:2 | Received a gift from Okawaru
 50246 | Vaults:2 | Received a gift from Okawaru
 50802 | Vaults:2 | Received a gift from Okawaru
 51061 | Vaults:2 | Found a staircase to the Crypt.
 51876 | Vaults:3 | Received a gift from Okawaru
 52029 | Vaults:3 | Identified the -5 buckler "Jotiep" {rElec} (Okawaru gifted
                  | it to you on level 3 of the Vaults)
 52517 | Vaults:3 | Reached skill level 27 in Slings
 53101 | Vaults:3 | Found a large runed translucent door.
 53101 | Vaults:3 | Found a large runed translucent door.
 53110 | Vaults:3 | Noticed agentgt's ghost (veteran KoAK)
 53241 | Vaults:3 | Killed agentgt's ghost
 53444 | Vaults:3 | Reached XP level 23. HP: 172/172 MP: 35/35
 53889 | Vaults:4 | Reached skill level 15 in Armour
 54274 | Vaults:4 | Received a gift from Okawaru
 54275 | Vaults:4 | Got a pair of dazzling boots {god gift}
 54291 | Vaults:4 | Identified the +0 pair of boots "Put-Me-On" {rElec Regen+
                  | Int+4 SInv} (Okawaru gifted it to you on level 4 of the
                  | Vaults)
 55286 | Vaults:4 | Found Doexir's Assorted Antiques.
 55321 | Vaults:4 | Bought a scroll of teleportation for 96 gold pieces
 55321 | Vaults:4 | Bought a murky brown potion for 28 gold pieces
 55321 | Vaults:4 | Identified a scroll of acquirement
 55322 | Vaults:4 | Acquired the +7 hunting sling "Hell-Harrower" {venom, rC+}
 55325 | Vaults:4 | Reached skill level 1 in Evocations
 55325 | Vaults:4 | Reached XP level 24. HP: 180/180 MP: 35/35
 55548 | Vaults:5 | Entered Level 5 of the Vaults
 55551 | Vaults:5 | Noticed an ancient lich
 55810 | Vaults:4 | Reached skill level 10 in Shields
 56236 | Vaults:4 | Killed an ancient lich
 56236 | Vaults:4 | Received a gift from Okawaru
 56665 | Vaults:5 | Reached XP level 25. HP: 189/189 MP: 35/35
 56969 | Vaults:5 | Identified the cursed +3 dire flail "Woklohif" {freeze,
                  | Dex+6}
 56969 | Vaults:5 | Identified the ring of Nejegof {*Slow +Inv rF+ MP+9 Int+4}
 57223 | Vaults:5 | Identified the cursed +1 lajatang of Vyrchen {freeze, rN+
                  | MR+ MP+9 Int-2}
 57223 | Vaults:5 | Identified the cursed +1 plate armour of the Moon Troll
                  | {Rampage rElec Dex+4 Slay+3}
 57364 | Vaults:5 | Found Uhiug's Magic Scroll Shoppe.
 57369 | Vaults:5 | Identified the Disquisition on Evil Damage Dealing
 57374 | Vaults:5 | Bought a scroll of summoning for 142 gold pieces
 57376 | Vaults:5 | Identified Sif Muna's Papyrus of Flight and the Escort
 57448 | Vaults:5 | Identified the +9 storm dragon scales "Otifoes" {rElec
                  | Regen+ Str-2 Dex+4} (You found it on level 5 of the Vaults)
 57611 | Vaults:5 | Received a gift from Okawaru
 57687 | Vaults:5 | Received a gift from Okawaru
 57700 | Vaults:5 | Got a fine double sword {god gift}
 57701 | Vaults:5 | Identified the +8 double sword of Hospitality {vorpal,
                  | rPois rF+ Str+6} (Okawaru gifted it to you on level 5 of
                  | the Vaults)
 57857 | Vaults:5 | Identified the +1 robe "Nadoetu" {MR+}
 57972 | Vaults:5 | Got a silver rune of Zot
 57976 | Vaults:5 | Acquired the +7 demon whip "Elauj" {drain, rElec MP+9
                  | Dex+5}
 58159 | Vaults:5 | Identified the +6 chain mail of the Pleiades {*Contam Harm
                  | Rampage Regen+}
 58318 | Vaults:5 | Received a gift from Okawaru
 59193 | Vaults:5 | Reached XP level 26. HP: 198/198 MP: 36/36
 59561 | Depths:1 | Entered Level 1 of the Depths
 59911 | Depths:1 | Found Weridd's Magic Scroll Boutique.
 60144 | Depths:1 | Found a gateway to Hell.
 60704 | Depths:2 | Noticed Louise
 60709 | Depths:2 | Killed Louise
 60776 | Depths:2 | Received a gift from Okawaru
 61898 | Depths:3 | Noticed Bai Suzhen
 61910 | Depths:3 | Killed Bai Suzhen
 62289 | Depths:3 | Noticed Sojobo
 62307 | Depths:3 | Noticed Jory
 62722 | Depths:3 | Received a gift from Okawaru
 62897 | Depths:3 | Found a portal to a secret trove of treasure.
 62926 | Depths:3 | Found a one-way gate leading to the halls of Pandemonium.
 63287 | Depths:3 | Killed Jory
 63292 | Depths:3 | Paralysed by a hornet for 3 turns
 63463 | Depths:3 | Killed Sojobo
 63463 | Depths:3 | Reached XP level 27. HP: 204/207 MP: 33/36
 64743 | Snake:2  | Killed Siddir's ghost
 65256 | Depths:3 | You paid a toll of +2 gold dragon scales to enter a
                  | treasure trove
 65257 | Trove    | Entered a treasure trove
 65261 | Trove    | Found the amulet of the Four Winds {rN+ MR+++ Clar}
 65263 | Trove    | Got a crude turquoise ring
 65266 | Trove    | Got a transparent iron ring
 65268 | Trove    | Got a coiled iron ring
 65285 | Trove    | Identified the ring of Vagho {*Slow +Fly rElec Str+6
                  | Stlth+} (You found it in a treasure trove)
 65288 | Trove    | Identified the ring of Qoifom {*Corrode +Blink MR+ AC+4}
                  | (You found it in a treasure trove)
 65293 | Trove    | Identified the ring of Wezuf {*Slow rF+++ Stlth+} (You
                  | found it in a treasure trove)
 65295 | Trove    | Got a bound lapis lazuli ring
 65297 | Trove    | Identified the ring of the Hero {rF++ Dex+6 Stlth+} (You
                  | found it in a treasure trove)
 65309 | Trove    | Got a steaming golden ring
 65310 | Trove    | Identified the ring "Risam" {rElec rF- rN+++ Str+6 Stlth-}
                  | (You found it in a treasure trove)
 65728 | Depths:4 | Found the +0 pair of fencer's gloves {Riposte Dex+3}
 65729 | Depths:4 | Found the +15 Maxwell's patent armour {-Cast -Tele rElec
                  | MR+ rCorr}
 65974 | Depths:4 | Found the +6 arbalest "Damnation" {damnation}
 66227 | Depths:4 | Found Otzuc's Antique Armour Emporium.
 66543 | Depths:4 | Received a gift from Okawaru
 66544 | Depths:4 | Found the +3 sling "Punk" {acid, rCorr}
 67067 | Depths:5 | Entered Level 5 of the Depths
 67112 | Depths:5 | Noticed the Enchantress
 67415 | Depths:5 | Noticed Boris
 67432 | Depths:5 | Killed Boris
 67455 | Depths:5 | Received a gift from Okawaru
 68200 | Depths:5 | Found a gate to the Realm of Zot.
 68774 | Depths:5 | Found a gateway to a ziggurat.
 68865 | Depths:5 | Found a runed translucent door.
 68981 | Depths:5 | Killed the Enchantress
 69294 | Depths:5 | Identified the +3 scimitar "Keinge" {freeze, rPois Dex+3}
 69422 | Hell     | Entered the Vestibule of Hell
 69422 | Hell     | Noticed Geryon
 69711 | Hell     | Noticed an ancient lich
 69757 | Hell     | Killed an ancient lich
 69757 | Hell     | Received a gift from Okawaru
 69757 | Hell     | Reached skill level 15 in Long Blades
 69988 | Hell     | Killed Geryon
 69988 | Hell     | Received a gift from Okawaru
 70309 | Hell     | Found a gateway to the Iron City of Dis.
 70497 | Hell     | Found a gateway to the freezing wastes of Cocytus.
 70647 | Hell     | Found a gateway to the decaying netherworld of Tartarus.
 70854 | Hell     | Found a gateway to the ashen valley of Gehenna.
 70988 | Geh:1    | Entered Level 1 of Gehenna
 71109 | Geh:1    | Reached skill level 15 in Shields
 71459 | Geh:1    | Received a gift from Okawaru
 71959 | Geh:2    | Received a gift from Okawaru
 72096 | Geh:2    | HP: 3/212 [Brimstone Fiend/damnation[the effects of Hell]
                  | (43)]
 74017 | Geh:5    | Received a gift from Okawaru
 74146 | Geh:5    | Received a gift from Okawaru
 74540 | Geh:5    | Received a gift from Okawaru
 76064 | Geh:7    | Entered Level 7 of Gehenna
 76609 | Geh:7    | Received a gift from Okawaru
 76642 | Geh:7    | Identified the +8 scimitar of the Swamp {flame, Dex+3}
                  | (Okawaru gifted it to you on level 7 of Gehenna)
 77931 | Geh:7    | Received a gift from Okawaru
 78397 | Geh:7    | Received a gift from Okawaru
 78920 | Geh:7    | Killed from afar by a hellion

Illustrated notes

Levels and vault maps discovered:
D:1:      dpeg_arrival_leaves_temple_mockup, layout_loops_ring
D:2:      layout_basic, amethyst_overflow_temple_binary, minmay_nonomino_d4
D:3:      layout_basic
D:4:      layout_gridville, serial_shops, shop, abandoned_shop, fedhas_altar_4,
          uniq_natasha
D:5:      minmay_clustersquares, layout_basic, eat_drink_and_be_merry_uskayaw,
          old_standard_altar, st_stairs_4
D:6:      layout_rooms, minmay_temple_entry_wispy
D:7:      layout_loops_corners, serial_park_tiny_2
D:8:      layout_rooms, hangedman_abyss_or_decor_lesser_grid, amethyst_killhole
D:9:      layout_long_grid, grunt_temple_overflow_order_and_chaos_2,
          lair_entry_dummy, minmay_orc_entry_guard_dogs, uniq_erica
D:10:     layout_long_grid, basic_altar, uniq_joseph
D:11:     layout_small_grid, serial_glass, glass_columns_a, glass_columns_a,
          glass_columns_a, glass_columns_b, hangedman_ranch
          [blue_anna_fruit_fields], uniq_maurice, uniq_fannar, uniq_psyche
D:12:     layout_loops_ring, gammafunk_ghost_icy
D:13:     layout_irregular_city, serial_ice, serial_ice_a, serial_ice_j,
          serial_ice_h, serial_ice_c, minmay_misc_feat_square, uniq_sonja,
          uniq_erolcha
D:14:     layout_roguey, ximxim_vaults_locker_room, serial_shops,
          nicolae_shop_waterfront, nicolae_shop_trees, shop, minivault_11,
          hangedman_ru_absence
D:15:     grunt_enter_depths_magical_seal, layout_basic,
          roderic_lattice_octagonal_star
Lair:1:   layout_cellular_growth, gauntlet_entry_generic, serial_bayou_ford_a,
          uniq_maggie
Lair:2:   beast_lair_carwin_large_3, layout_loops_ring, dummy_snake_entry,
          nicolae_volcano_entry_vermiform, basic_altar
Lair:3:   layout_cave_pods, minmay_swamp_entry_worms, gammafunk_ghost_cemetery,
          uniq_nergalle
Lair:4:   layout_regular_city, beast_lair_carwin_3, uniq_urug
Lair:5:   layout_small_grid, slime_altar_1, minivault_23,
          kennysheep_abandoned_house
Lair:6:   minmay_lair_end_frog_pond, layout_regular_city, minivault_23,
          uniq_josephine
Swamp:1:  layout_basic_swamp, evilmike_swamp_ruin_house_2
Swamp:2:  layout_basic_swamp, gammafunk_ghost_cemetery,
          hangedman_swamp_ruin_wall, swamp_pool5
Swamp:3:  layout_basic_swamp, nicolae_swamp_little_tower
Swamp:4:  swamp_fiery, layout_basic_swamp
Snake:1:  layout_cave_pods, portal_ice_cave_entry_dragon, grunt_megastairs_5,
          lemuel_fruit_tree
Snake:2:  layout_rooms, basic_altar, gammafunk_ghost_abyssal_escape,
          minmay_shop_star
Snake:3:  layout_gridlike, serial_bayou_shore_b, grunt_megastairs_1
Snake:4:  minmay_snake_end_coiled, layout_cave_town, serial_bayou_pond_c,
          uniq_aizul
Orc:1:    layout_diamond_mine
Orc:2:    st_orc_town, layout_diamond_mine
Elf:1:    minmay_elf_arrival_plus, layout_geoelf_grid, minmay_elf_demonology
Elf:2:    layout_gridlike, minmay_misc_feat_five, grunt_ministairs_2,
          minivault_8
Elf:3:    minmay_elf_hall_four_x, layout_geoelf_grid,
          ploomutoo_gammafunk_ghost_potion_laboratory
Vaults:1: ontoclasm_vaults_shuriken, ontoclasm_vaults_claustrophobia, v_misc_8,
          nicolae_vaults_bisected_slash, ontoclasm_vaults_fault,
          nicolae_vaults_triangles, nicolae_vaults_little_squares_4,
          vaults_standard_mumra_lines, ontoclasm_vaults_idyll, v_alt_pattern_5,
          nicolae_vaults_asterisk, nicolae_vaults_back_hallway,
          layout_vaults_ring, serial_shops, shop
Vaults:2: hangedman_vaults_maws, hangedman_vaults_stretched_pinwheel, v_rooms_1,
          grunt_vaults_focal, hangedman_vaults_slice, dpeg_vaults_monster_box,
          hangedman_vaults_cutoff, layout_vaults_chaotic_city,
          dummy_crypt_entry, uniq_margery, uniq_xtahua
Vaults:3: ebering_vaults_ghost_disaster_area, v_rooms_3, vaults_dpeg_diagonal,
          nicolae_vaults_diagonal_hallway_6, v_misc_5, vaults_dpeg_cross,
          vaults_room_fours, ontoclasm_vaults_hangar, vaults_room_fours,
          vaults_room_fancy_cross, vaults_mumra_hexcomb,
          nicolae_vaults_alarming, v_misc_8, nicolae_vaults_rhombus_5,
          layout_vaults_omnibox
Vaults:4: v_misc_5, hangedman_vaults_corner_blocks, vaults_room_mumra_shop_pool,
          grunt_vaults_hallway_short, v_misc_1, vaults_dpeg_spiral,
          vaults_standard_mumra_enter_the_diamond, vaults_room_grid,
          layout_vaults_omnigrid
Vaults:5
Depths:1: layout_roguey, serial_shops, kennysheep_mini_moat, hell_entry,
          lightli_minifort
Depths:2: kennysheep_ogre_elephant_herders, layout_cave_shapes,
          hangedman_geh_valley, grunt_decor_arrowhead,
          nicolae_abyss_entry_one_way_or_another, minmay_metal_thing,
          kennysheep_random_hallway, serial_bayou_shore_b
Depths:3: hangedman_hanging_gardens, layout_twisted_cross,
          rand_demon_pan_entry_4, kennysheep_nondescript,
          nicolae_trove_entry_crystal, pf_coc_iceberg,
          infiniplex_staircase_zigzag_1, serial_bayou_shore_b, uniq_jory,
          uniq_sojobo, uniq_bai_suzhen
Depths:4: gold_lair_mu, layout_basic, pan_entry, abyss_entry, serial_shops,
          nicolae_shop_waterfront, kennysheep_cluttered_room, lightli_too_deep,
          infiniplex_staircase_hallway_doors
Depths:5: evilmike_zot_entry_argh, layout_basic, enter_ziggurat_e,
          serial_aquarium, aquarium_bridge_square [aquarium_subvault_bridge,
          aquarium_subvault_window, aquarium_subvault_window,
          aquarium_subvault_wall], aquarium_window_1, aquarium_window_1,
          aquarium_view_2e, aquarium_view_2b, aquarium_balcony_1a, hell_entry,
          serial_bayou_pond_c, rand_demon_pan_entry_9, minmay_acid_items,
          uniq_enchantress, uniq_boris
Hell
Geh:1:    layout_gehenna_pools_box
Geh:2:    layout_gehenna_lava_caves
Geh:3:    layout_gehenna_pools_basic
Geh:4:    layout_gehenna_pools_box
Geh:5:    layout_gehenna_pools_box, nicolae_geh_fiery_graves
          [nicolae_geh_single_fiery_grave, nicolae_geh_single_fiery_grave,
          nicolae_geh_single_fiery_grave, nicolae_geh_single_fiery_grave,
          nicolae_geh_single_fiery_grave, nicolae_geh_single_fiery_grave,
          nicolae_geh_single_fiery_grave, nicolae_geh_single_fiery_grave,
          nicolae_geh_single_fiery_grave]
Geh:6:    layout_gehenna_lava_caves
Geh:7:    geh_grunt

Skill      XL: |  1  2  3  4  5  6  7  8  9 10 11 12 13 14 15 16 17 18 19 20 21 22 23 24 25 26 27 |
---------------+----------------------------------------------------------------------------------+-----
Slings         | 6 7 8 9 10 12 13 14 15 16 18 19 20 21 22 23 24 25 26 27 | 27.0
Fighting       | 2 3 4 5 7 8 10 11 12 13 14 15 16 17 18 19 20 21 24 | 24.5
Armour         | 1 2 3 5 6 7 8 9 10 11 12 13 14 15 16 17 19 | 19.5
Polearms       | 1 |  1.6
Invocations    | 1 3 5 7 8 9 11 12 13 14 15 16 17 18 20 | 20.4
Stealth        | 2 3 |  3.6
Dodging        | 3 4 |  4.8
Maces & Flails | 2 3 |  3.3
Long Blades    | 1 4 6 8 9 11 12 13 14 16 | 16.9
Shields        | 1 2 4 5 6 7 8 9 10 12 18 | 18.1
Evocations     | 1 |  1.5

Action                   |  1- 3 |  4- 6 |  7- 9 | 10-12 | 13-15 | 16-18 | 19-21 | 22-24 | 25-27 || total
-------------------------+-------+-------+-------+-------+-------+-------+-------+-------+-------++-------
Melee: Spear             |       |    41 |       |       |       |       |       |       |       ||    41
       Dagger            |       |     6 |       |       |       |       |       |       |       ||     6
       Mace              |       |       |       |    25 |     8 |       |       |       |       ||    33
       Punch             |       |       |       |     1 |       |       |       |       |       ||     1
       Falchion          |       |       |       |     2 |       |   115 |     4 |    59 |       ||   180
       Fustibalus        |       |       |       |     1 |       |       |     2 |       |     1 ||     4
       Demon blade       |       |       |       |       |       |       |       |    37 |       ||    37
       Katana            |       |       |       |       |       |       |       |       |   935 ||   935
 Fire: Hunting sling     |    85 |   138 |   410 |   426 |       |       |       |   293 |       ||  1352
       Fustibalus        |       |       |       |   244 |  1473 |  2080 |  1600 |  1052 |  4358 || 10807
Invok: Heroism           |       |       |     1 |    13 |     9 |     8 |     5 |     5 |    17 ||    58
       Finesse           |       |       |       |     1 |     3 |     4 |     2 |     3 |    10 ||    23
Evoke: Wand              |       |       |       |     1 |       |     2 |       |       |     7 ||    10
       Tin of tremorston |       |       |       |       |       |       |     2 |       |     1 ||     3
       Condenser vane    |       |       |       |       |       |       |       |       |     2 ||     2
  Use: Scroll            |       |     5 |     6 |     5 |    16 |    27 |     9 |     6 |    17 ||    91
       Potion            |       |       |     1 |     3 |       |     2 |     6 |     2 |    19 ||    33
 Stab: Confused          |       |       |       |       |       |       |       |       |     2 ||     2
Armor: Leather armour    |     3 |       |       |       |       |       |       |       |       ||     3
       Ring mail         |       |     9 |       |       |       |       |       |       |       ||     9
       Chain mail        |       |       |    34 |    94 |   233 |       |       |       |       ||   361
       Plate armour      |       |       |       |       |    41 |       |       |       |       ||    41
       Scale mail        |       |       |       |       |     5 |       |       |       |       ||     5
       Crystal plate arm |       |       |       |       |    47 |   765 |   427 |   598 |  1690 ||  3527
       Storm dragon scal |       |       |       |       |    15 |       |       |       |       ||    15
Dodge: Dodged            |    11 |    42 |    66 |   178 |   274 |   267 |   184 |   289 |  1022 ||  2333
Block: Buckler           |       |       |       |       |   111 |   283 |   316 |   656 |   294 ||  1660
       Reflection        |       |       |       |       |       |       |    22 |    73 |    61 ||   156
       Other             |       |       |       |       |       |       |     1 |       |       ||     1
       Kite shield       |       |       |       |       |       |       |       |       |  3110 ||  3110
       Rpst.: Katana     |       |       |       |       |       |       |       |       |    39 ||    39

Table legend: (Time is in decaauts)
 A = Elapsed time spent in this place.
 B = Non-inter-level travel time spent in this place.
 C = Inter-level travel time spent in this place.
 D = Time resting spent in this place.
 E = Time spent auto-exploring this place.
 F = Levels seen in this place.
 G = Mean time per level.
                   A        B        C        D        E       F      G
               +--------+--------+--------+--------+--------+-----+--------+
         Total |  75167 |  69766 |   5401 |   6619 |  46881 |  55 | 1366.7 |
       Dungeon |  18166 |  16086 |   2080 |    839 |  12650 |  15 | 1211.1 |
          Lair |   9119 |   7992 |   1127 |    381 |   6188 |   6 | 1519.8 |
         Swamp |   4259 |   4049 |    210 |      0 |   3143 |   4 | 1064.8 |
     Snake Pit |   5392 |   5201 |    191 |     48 |   3890 |   4 | 1348.0 |
  Orcish Mines |   2890 |   2585 |    305 |    891 |   1196 |   2 | 1445.0 |
   Elven Halls |   5872 |   5640 |    232 |   1200 |   3204 |   3 | 1957.3 |
        Vaults |  10610 |  10044 |    566 |    659 |   6773 |   5 | 2122.0 |
        Depths |   8168 |   7627 |    541 |    802 |   4793 |   5 | 1633.6 |
          Hell |   1422 |   1368 |     54 |    136 |    774 |   1 | 1422.0 |
       Gehenna |   7134 |   7041 |     93 |   1010 |   3406 |   7 | 1019.1 |
         Trove |     75 |     75 |      0 |      0 |      2 |   1 |   75.0 |
      Ice Cave |   1753 |   1753 |      0 |    651 |    677 |   1 | 1753.0 |
       Volcano |    303 |    303 |      0 |      0 |    184 |   1 |  303.0 |
               +--------+--------+--------+--------+--------+-----+--------+

Top non-repeatable levels by time:
   Elf:3: 2672 daAuts
Vaults:4: 2654 daAuts
Vaults:5: 2572 daAuts
   Geh:7: 2562 daAuts
  Lair:6: 2402 daAuts
Vaults:2: 2149 daAuts
   Orc:2: 2148 daAuts
Depths:3: 2068 daAuts
Vaults:3: 1938 daAuts
Depths:5: 1912 daAuts
Depths:4: 1893 daAuts
   Elf:2: 1852 daAuts
 Snake:4: 1827 daAuts
   IceCv: 1753 daAuts
    D:14: 1740 daAuts
